 Dungeon Crawl Stone Soup version 0.31-a0-232-gb1c03b2570 (webtiles) character file.

Game seed: 6201829827018253304

1101 qw the Skirmisher (level 8, -7/68 HPs)
             Began as a Minotaur Hexslinger on July 7, 2023.
             Mangled by Duvessa
             ... wielding a +1 rapier of venom
              (20 damage)
             ... on level 5 of the Dungeon.
             The game lasted 00:02:04 (4747 turns).

qw the Skirmisher (Minotaur Hexslinger)             Turns: 4747, Time: 00:02:04

Health: -7/68      AC:  8    Str: 19    XL:     8   Next: 10%
Magic:  8/8        EV: 16    Int: 10    God:
Gold:   245        SH:  0    Dex: 15    Spells: 8/9 levels left

rFire   . . .        Y - +1 sling
rCold   . . .        (no shield)
rNeg    . . .        i - +0 ring mail
rPois   .            (helmet restricted)
rElec   .            (no cloak)
rCorr   .            (no gloves)
SInv    .            d - +2 pair of boots
Will    .....        (no amulet)
Stlth   +            g - +5 ring of evasion
HPRegen 0.31/turn    j - +6 ring of strength
MPRegen 0.11/turn

%: no passive effects
@: lethally poisoned (-7 -> -30)
A: horns 2, retaliatory headbutt
a: no special abilities


You were on level 5 of the Dungeon.
You visited 1 branch of the dungeon, and saw 5 of its levels.
You also visited: Sewer.

You collected 245 gold pieces.


Innate Abilities, Weirdness & Mutations

You have a pair of horns on your head.
You reflexively headbutt those who attack you in melee.


   Skills:
 - Level 5.1 Fighting
 - Level 9.1 Ranged Weapons
 - Level 2.9 Armour
 + Level 2.3 Dodging
 - Level 1.0 Spellcasting
 - Level 2.0 Hexes


You had 8 spell levels left.
You knew the following spells:

 Your Spells              Type           Power      Damage    Failure   Level
a - Slow                  Hex            16%        N/A       26%         1

Your spell library contained the following spells:

 Spells                   Type           Power      Damage    Failure   Level
 Inner Flame              Hex/Fire       2%         N/A       75%         3
 Portal Projectile        Hex/Tloc       4%         N/A       75%         3
 Cause Fear               Hex            2%         N/A       94%         4

Inventory:

Hand Weapons
 Y - a +1 sling (weapon)
Armour
 d - a +2 pair of boots (worn)
 i - a +0 ring mail (worn)
 n - a +0 cloak
Jewellery
 g - a +5 ring of evasion (left hand)
 j - a +6 ring of strength (right hand)
Scrolls
 a - 4 scrolls of identify
 l - 2 scrolls of teleportation
Potions
 b - a potion of heal wounds
 c - a potion of mutation
 e - 3 potions of curing
 f - a potion of haste {unknown}
 h - a potion of magic {unknown}
 k - a potion of brilliance {unknown}
 m - a potion of attraction {unknown}
 o - a potion of enlightenment {unknown}

Dungeon Overview and Level Annotations

Branches:
Dungeon (5/15)              Sewer (visited)
 Temple: D:4-7

Altars:
Cheibriados
Sif Muna
Uskayaw

Annotations:
D:5 Duvessa


Message History

a +0 whip; an orc corpse
There is a stone staircase leading up here.
l - 2 scrolls of teleportation (gained 1) Duvessa, Sister of Dowan comes into view.
She is wielding a +1 rapier of venom.
Found a runed war axe.
Duvessa shouts!
Enter note:
Enter note:
Enter note:
Enter note:
Enter note:
Enter note: You shoot a sling bullet.
The sling bullet barely misses Duvessa.
You shoot a sling bullet.
The sling bullet completely misses Duvessa.
You shoot a sling bullet. The sling bullet barely misses Duvessa.
You shoot a sling bullet.
The sling bullet closely misses Duvessa.
Duvessa drinks a potion.
Duvessa goes berserk!
You shoot a sling bullet. The sling bullet hits Duvessa!
Duvessa is lightly wounded.
You shoot a sling bullet.
The sling bullet hits Duvessa but does no damage.
Duvessa is lightly wounded.
Duvessa hits you with a +1 rapier of venom.
You shoot a sling bullet.
The sling bullet closely misses Duvessa.
Duvessa hits you with a +1 rapier of venom! x2
You are poisoned.
You shoot a sling bullet.
The sling bullet hits Duvessa but does no damage.
Duvessa is lightly wounded.
You feel extremely sick.
Duvessa hits you with a +1 rapier of venom!
You are more poisoned.
You shoot a sling bullet. The sling bullet hits Duvessa.
Duvessa is lightly wounded.
You feel very sick.
Duvessa hits you with a +1 rapier of venom!!
You die...

..#################.#.#.#......#.
..#.............# #.#.###########
..#.###########.# #..##. .......
..#........<..#.# ####.) ##.####
..#..########.#.# ...
..#..<....)...#.# ...# ###
..#..#.#......#.## ...# #..
###..#.######.#..#...# #.#
###..#........#.@e..# #.#
.....##########....## #.# ####.#
.....## #.# #.# ####### #.. #.#
### #.# #.# #.# #.#


You could see Duvessa (berserk).

Vanquished Creatures
  Eustachio (D:5)
  5 kobold brigands (Sewer)
  2 scorpions (D:4)
  2 hounds (D:4)
  An orc priest (D:3)
  An iguana (D:5)
  An iron imp (D:4)
  A scorpion zombie (D:2)
  4 gnolls (D:4)
  11 adders
  4 river rats
  A white imp (D:5)
  An adder zombie (D:2)
  2 adder skeletons (D:2)
  6 worms
  2 dart slugs
  16 orcs
  A bat zombie (D:2)
  9 endoplasms
  5 giant cockroaches (D:3)
  6 goblins
  2 hobgoblins
  4 jackals (D:3)
  2 quokkas
  11 ball pythons
  2 ball python zombies (D:2)
  5 bats
  2 frilled lizards
  4 kobolds
  7 rats
121 creatures vanquished.

Notes
Turn   | Place    | Note
-------+----------+-------------------------------------------
     0 | D:1      | qw the Minotaur Hexslinger began the quest for the Orb.
     0 | D:1      | Reached XP level 1. HP: 16/16 MP: 1/1
     0 | D:1      | 0 ||| qw: Version: 0.3-a-46-gb1f654a
     0 | D:1      | 0 ||| qw: Game counter: 2391
     0 | D:1      | 0 ||| qw: Melee chars always use a shield: true
     0 | D:1      | 0 ||| qw: God list: Okawaru
     0 | D:1      | 0 ||| qw: Allow faded altars: false
     0 | D:1      | 0 ||| qw: Do Orc after clearing Dungeon:15 true
     0 | D:1      | 0 ||| qw: Do second Lair branch before Depths: true
     0 | D:1      | 0 ||| qw: Lair rune preference: random
     0 | D:1      | 0 ||| qw: Goals: Normal
     0 | D:1      | 0 ||| PLANNING D:1-11
   272 | D:1      | Found a faded altar of an unknown god.
   446 | D:1      | 446 ||| FLEEEEING.
   447 | D:1      | 447 ||| FLEEEEING.
   448 | D:1      | 448 ||| FLEEEEING.
   449 | D:1      | 449 ||| FLEEEEING.
   450 | D:1      | 450 ||| FLEEEEING.
   465 | D:1      | 465 ||| FLEEEEING.
   466 | D:1      | 466 ||| FLEEEEING.
   535 | D:1      | Reached skill level 3 in Ranged Weapons
   612 | D:1      | Reached XP level 2. HP: 23/23 MP: 2/2
   706 | D:1      | 706 ||| UPGRADING to +0 leather armour.
   716 | D:1      | 716 ||| DROPPING +0 robe.
   717 | D:1      | 717 ||| READING 3 scrolls labelled KOAC MULIEBEL.
   718 | D:1      | 718 ||| READING scroll labelled EBIUSMU LOKHOD.
   723 | D:1      | 723 ||| READING scroll labelled UGAULEQ WEWY.
   724 | D:1      | 724 ||| READING scroll labelled ODIUSIONU.
   725 | D:1      | 725 ||| READING scroll labelled ZOXKURR OLLEYMM.
   726 | D:1      | 726 ||| DRINKING 3 bubbling amethyst potions.
   727 | D:1      | 727 ||| DROPPING scroll of poison.
   909 | D:2      | HP: 6/24 [scorpion zombie (2)]
   912 | D:2      | Reached skill level 4 in Ranged Weapons
   912 | D:2      | Reached XP level 3. HP: 8/29 MP: 3/3
  1103 | D:2      | Found a shimmering blue altar of Sif Muna.
  1286 | D:2      | Reached XP level 4. HP: 30/36 MP: 4/4
  1388 | D:2      | 1388 ||| UPGRADING to +0 pair of boots.
  1393 | D:2      | 1393 ||| READING 2 scrolls of enchant armour.
  1393 | D:2      | 1393 ||| ENCHANTING +0 pair of boots.
  1394 | D:2      | 1394 ||| READING scroll of enchant armour.
  1394 | D:2      | 1394 ||| ENCHANTING +1 pair of boots.
  1395 | D:2      | 1395 ||| UPGRADING to +5 ring of evasion.
  1396 | D:2      | 1396 ||| READING scroll labelled FINUHE MULOLAU.
  1397 | D:2      | 1397 ||| READING scroll labelled VOPPER SONKUE.
  1515 | D:3      | 1515 ||| PLANNING SEWER
  1665 | D:3      | Reached skill level 5 in Ranged Weapons
  1802 | D:3      | Found a hide-covered altar of Uskayaw.
  2091 | D:3      | Reached skill level 3 in Fighting
  2103 | D:3      | Reached XP level 5. HP: 45/45 MP: 5/5
  2109 | D:3      | Found a glowing drain.
  2142 | Sewer    | Entered a sewer
  2185 | Sewer    | 2185 ||| Stepping ~*~*~tactically~*~*~ (water).
  2228 | Sewer    | 2228 ||| Stepping ~*~*~tactically~*~*~ (water).
  2246 | Sewer    | Reached skill level 6 in Ranged Weapons
  2346 | Sewer    | Reached skill level 1 in Armour
  2411 | Sewer    | 2411 ||| Stepping ~*~*~tactically~*~*~ (water).
  2415 | Sewer    | Reached XP level 6. HP: 51/51 MP: 6/6
  2487 | Sewer    | HP: 12/51 [kobold brigand/+0 dagger (1)]
  2735 | Sewer    | 2735 ||| Stepping ~*~*~tactically~*~*~ (water).
  2933 | Sewer    | Reached skill level 7 in Ranged Weapons
  2945 | Sewer    | 2945 ||| Stepping ~*~*~tactically~*~*~ (water).
  2948 | Sewer    | Reached XP level 7. HP: 59/59 MP: 7/7
  3041 | D:3      | 3041 ||| PLANNING D:1-11
  3402 | D:3      | 3402 ||| UPGRADING to +0 ring mail.
  3412 | D:3      | 3412 ||| DROPPING +0 leather armour.
  3413 | D:3      | 3413 ||| UPGRADING to +6 ring of strength.
  3499 | D:4      | Reached skill level 8 in Ranged Weapons
  3499 | D:4      | 3499 ||| FLEEEEING.
  3504 | D:4      | HP: 15/60 [poisoned by a scorpion]
  3505 | D:4      | 3505 ||| READING scroll of teleportation.
  3508 | D:4      | 3508 ||| FLEEEEING.
  3509 | D:4      | 3509 ||| FLEEEEING.
  3937 | D:4      | Found a snail-covered altar of Cheibriados.
  4128 | D:4      | 4128 ||| DRINKING 2 glowing amethyst potions.
  4129 | D:4      | 4129 ||| DRINKING 4 potions of curing.
  4129 | D:4      | 4129 ||| (to cure confusion)
  4130 | D:4      | 4130 ||| READING 3 scrolls of identify.
  4130 | D:4      | 4130 ||| IDENTIFYING grey potion
  4131 | D:4      | 4131 ||| READING 2 scrolls of identify.
  4131 | D:4      | 4131 ||| IDENTIFYING sedimented blue potion
  4132 | D:4      | 4132 ||| DROPPING potion of ambrosia.
  4136 | D:5      | Entered Level 5 of the Dungeon
  4501 | D:5      | Noticed Eustachio
  4522 | D:5      | Killed Eustachio
  4523 | D:5      | Reached skill level 9 in Ranged Weapons
  4523 | D:5      | Reached XP level 8. HP: 59/68 MP: 8/8
  4738 | D:5      | Noticed Duvessa
  4747 | D:5      | HP: 13/68 [poisoned by Duvessa]
  4747 | D:5      | Mangled by Duvessa

Levels and vault maps discovered:
D:1:      dpeg_arrival_shrine, layout_basic,
          hellmonk_ecumenical_altar_arch_garden
D:2:      layout_rooms, serial_undead, serial_undead_b, serial_undead_d,
          serial_undead_b, serial_undead_b, basic_altar,
          nicolae_figureground_pulse
D:3:      layout_loops_corners, nicolae_uskayaw_dance_hall, portal_sewer_entry_e
D:4:      layout_cave_pools, slow_altar_2
D:5:      layout_basic, nzn_overflow_gifts_of_might_and_magic, uniq_pikel,
          uniq_eustachio

Skill      XL: |  1  2  3  4  5  6  7 |
---------------+----------------------+-----
Ranged Weapons | 3 4 5 6 7 9 |  9.1
Fighting       | 2 3 4 5 |  5.1
Armour         | 1 2 |  2.9
Dodging        | |  2.3
Spellcasting   | |  1.0
Hexes          | |  2.0

Action                     |  1- 3 |  4- 6 |  7- 9 || total
---------------------------+-------+-------+-------++-------
   Fire: Sling             |    81 |   243 |   230 ||   554
    Use: Scroll            |     5 |     4 |     3 ||    12
         Potion            |     1 |       |     2 ||     3
 Armour: Leather armour    |    14 |    31 |     3 ||    48
         Ring mail         |       |       |    20 ||    20
  Dodge: Dodged            |    37 |    95 |    89 ||   221

Table legend:
 A = Non-vault XP
 B = Vault XP
 C = Vault XP percentage of total XP
 D = Non-vault monster count
 E = Vault monster count
 F = Vault count percentage of total count
                 A         B        C        D         E       F
            +---------+---------+-------+---------+---------+-------
      Total |     600 |     974 |  61.9 |      76 |      45 |  37.2
            +---------+---------+-------+---------+---------+-------
        D:1 |      13 |       0 |   0.0 |       7 |       0 |   0.0
        D:2 |      30 |      56 |  65.1 |      11 |       7 |  38.9
        D:3 |     123 |      48 |  28.1 |      29 |       8 |  21.6
        D:4 |     354 |      39 |   9.9 |      20 |       1 |   4.8
        D:5 |      80 |     202 |  71.6 |       9 |       1 |  10.0
      Sewer |       0 |     629 | 100.0 |       0 |      28 | 100.0
            +---------+---------+-------+---------+---------+-------
